 Dungeon Crawl Stone Soup version 0.21-a0-509-gecc5317 (webtiles) character file.

10496 Dawnplanks the Geomancer (level 11, -4/91 HPs)
             Began as a Gargoyle Earth Elementalist on Nov 30, 2017.
             Was an Elder of Vehumet.
             Slain by a two-headed ogre
             ... wielding a +0 giant club of flaming
              (10 damage)
             ... in a volcano.
             The game lasted 01:12:55 (15689 turns).

Dawnplanks the Geomancer (GrEE)                    Turns: 15689, Time: 01:12:56

Health: -4/91      AC: 25    Str: 12    XL:     11   Next: 63%
Magic:  18/24      EV:  2    Int: 19    God:    Vehumet [****..]
Gold:   589        SH:  4    Dex: 10    Spells: 17/28 levels left

rFire    . . .     SeeInvis .   s - +2 dagger (elec)
rCold    . . .     Gourm    +   P - +0 buckler
rNeg     + + +     Faith    .   (armour currently unavailable)
rPois    ∞         Spirit   .   (helmet currently unavailable)
rElec    .         Reflect  .   (cloak currently unavailable)
rCorr    +         Harm     .   (gloves currently unavailable)
MR       .....     NoTele   +   (boots currently unavailable)
Stlth    ++........             p - amulet of the gourmand
HPRegen  0.25/turn              S - ring of resist corrosion
MPRegen  0.19/turn              (no ring)

@: tree-form
A: negative energy resistance 1, petrification resistance, rot immunity, AC +8
a: Renounce Religion


You were in a volcano.
You worshipped Vehumet.
Vehumet was greatly pleased with you.
You were very full.
You were a tree.
You visited 3 branches of the dungeon, and saw 12 of its levels.
You also visited: Ossuary and Volcano.

You collected 589 gold pieces.

Inventory:

Hand Weapons
 h - a +0 dagger
 s - a +2 dagger of electrocution (weapon)
 N - a +0 dagger of venom
Missiles
 b - 150 stones (quivered)
Armour
 c - a +0 robe (melded)
 v - a +0 cloak (melded)
 w - the +0 Maxwell's etheric cage {RegenMP+ *Contam rElec MP+4}
   (You took it off Robin on level 4 of the Dungeon)

   It insulates you from electricity.
   It affects your magic capacity (+4).
   It causes magical contamination when unequipped.
 J - a +2 pair of gloves (melded)
 P - a +0 buckler (worn)
Jewellery
 p - an amulet of the gourmand (around neck)
 S - a ring of resist corrosion (left branch)
Wands
 M - a wand of iceblast (10)
 O - a wand of polymorph (9)
 R - a wand of flame (34)
Scrolls
 a - 6 scrolls of remove curse {unknown}
 g - 6 scrolls of identify
 l - a scroll of magic mapping {unknown}
 n - 6 scrolls of amnesia {unknown}
 x - 3 scrolls of teleportation {unknown}
 y - 2 scrolls of blinking {unknown}
 z - 5 scrolls of immolation {unknown}
 B - 2 scrolls of enchant armour {unknown}
 D - 4 scrolls of random uselessness {unknown}
 F - a scroll of fear {unknown}
 H - 2 scrolls of noise {unknown}
 L - a scroll of fog {unknown}
Potions
 f - 3 potions of brilliance
 i - 3 potions of agility
 m - 4 potions of curing {unknown}
 o - 2 potions of invisibility
 q - 2 potions of resistance
 r - 4 potions of haste
 t - 2 potions of might
 A - 11 potions of degeneration {unknown}
 C - 4 potions of mutation
 E - 3 potions of heal wounds
 G - a potion of lignification
 K - 2 potions of cancellation {unknown}
 Q - a potion of flight {unknown}
Books
 e - a book of Geomancy

   Spells                             Type                      Level
   a - Sandblast                      Earth                        1
   b - Passwall                       Transmutation/Earth          2
   c - Stone Arrow                    Conjuration/Earth            3
   d - Petrify                        Transmutation/Earth          4
   e - Lee's Rapid Deconstruction     Earth                        5
Miscellaneous
 I - a crystal ball of energy
Comestibles
 d - 7 bread rations
 j - 8 meat rations
 k - 10 fruits
 u - 6 royal jellies


   Skills:
 + Level 4.2 Fighting
 + Level 4.3 Armour
 + Level 3.7 Dodging
 - Level 2.1 Stealth
 - Level 4.0 Shields
 + Level 9.0 Spellcasting
 + Level 9.8 Conjurations
 - Level 0.7 Transmutations
 + Level 11.6 Earth Magic


You had 17 spell levels left.
You knew the following spells:

 Your Spells              Type           Power        Failure   Level  Hunger
a - Sandblast             Erth           ######       1%          1    None
b - Stone Arrow           Conj/Erth      #####.       1%          3    None
c - Passwall              Tmut/Erth      ####......   1%          2    None
d - Lee's Rapid Deconstr  Erth           ######....   1%          5    #####..


Dungeon Overview and Level Annotations

Branches:
Dungeon (9/15)             Temple (1/1) D:4            Lair (2/6) D:9
  Swamp: Lair:2-4    Shoals: Lair:2-4     Snake: Lair:2-4    Spider: Lair:2-4
    Orc: D:9-12

Altars:
Ashenzari
Cheibriados
Dithmenos
Elyvilon
Fedhas
Gozag
Hepliaklqana
Kikubaaqudgha
Makhleb
Nemelex Xobeh
Okawaru
Qazlal
Ru
Sif Muna
Trog
Uskayaw
Vehumet
Wu Jian
Xom
Yredelemnul
Zin
The Shining One
Beogh

Shops:
D:4 (   D:5 :   D:7 !

Annotations:
D:3 Lasiace's ghost, amateur FoFi
D:4 Dawnplanks's ghost, amateur GrEE


Innate Abilities, Weirdness & Mutations

You are resistant to torment.
((Your stone body is resilient. (AC +8)))
You are immune to poison.
You resist negative energy. (rN+)
((You are resistant to electric shocks. (rElec)))
((You can survive without breathing.))
You are immune to petrification.
You are immune to rotting.


Message History

Aim: a two-headed ogre, wielding two great maces of flaming
Okay, then.
You cannot move.
Casting: Sandblast
Confirm with . or Enter, or press ? or * to list all spells.
Aiming: Sandblast
Press: ? - help, Shift-Dir - straight line, f/p - two-headed ogre
Aim: a two-headed ogre, wielding two great maces of flaming The blast of sand hits the two-headed ogre.
The two-headed ogre is moderately wounded.
b - 150 stones You feel yourself speed up.
The two-headed ogre hits you with a giant club of flaming.
* * * LOW HITPOINT WARNING * * *
The two-headed ogre burns you.
* * * LOW HITPOINT WARNING * * *
The two-headed ogre hits you with a giant club of flaming!!
* * * LOW HITPOINT WARNING * * *
The two-headed ogre burns you!
You die...

## ## .# .)(
#.## .# #..
#.∩.. .##..
#![.# #.#.##...#
#)#..... #S...#
##.#OOO.##
#...O♣O.§#
$..###.wO.§§....
#)#.§#§###.
..######.. $$.
..# .∩#.# !$# #
## .#


You could see a sea snake shaped shifter, a torpor snail and 6 two-headed ogres.

Vanquished Creatures
  An orange crystal statue (D:9)
  2 oklob plants (Lair:1)
  The ghost of pedant the Frost Mage, a novice OpIE of Vehumet (D:8)
  A black mamba (Lair:1)
  A spiny frog (Lair:1)
  2 tengu conjurers
  Prince Ribbit (D:9)
  3 hippogriffs
  12 yaks
  3 hogs (D:8)
  A human (D:8)
  2 basilisks
  6 porcupines
  2 water moccasins
  3 orc warriors
  A black bear (D:9)
  A sky beast (D:7)
  An ogre (D:5)
  A phantom (D:4)
  7 centaurs
  3 crocodiles
  A big kobold (D:8)
  5 bullfrogs
  2 gnoll sergeants
  A water moccasin zombie (D:8)
  5 scorpions
  2 electric eels (Lair:1)
  A vampire bat (D:4)
  A howler monkey (D:9)
  A centaur zombie (Ossuary)
  A crimson imp (D:7)
  A bullfrog zombie (D:6)
  3 jellies
  2 orc priests
  4 orc wizards
  11 hounds
  A human zombie (Ossuary)
  2 centaur skeletons
  An iguana (D:4)
  5 worker ants
  A killer bee zombie (D:9)
  2 hound skeletons
  5 mummies (Ossuary)
  Robin (D:4)
  8 adders
  12 gnolls
  3 gnoll zombies (D:6)
  A howler monkey skeleton (D:4)
  2 oozes
  3 adder skeletons
  5 worms
  4 dart slugs
  10 leopard geckos
  42 orcs
  11 bats
  A giant cockroach (D:5)
  8 hobgoblins
  6 jackals (D:8)
  9 kobolds
  6 quokkas
  3 ball pythons
  3 frilled lizards
  16 goblins
  A goblin zombie (Ossuary)
  2 hobgoblin zombies (Ossuary)
  A leopard gecko skeleton (D:6)
  2 orc zombies (Ossuary)
  7 rats
280 creatures vanquished.

Vanquished Creatures (others)
  3 fungi (D:9)
  5 plants (D:9)
8 creatures vanquished.

Grand Total: 288 creatures vanquished

Notes
Turn   | Place    | Note
-------+----------+-------------------------------------------
     0 | D:1      | Dawnplanks the Gargoyle Earth Elementalist began the quest for the Orb.
     0 | D:1      | Reached XP level 1. HP: 10/10 MP: 3/3
   174 | D:1      | Reached XP level 2. HP: 12/15 MP: 5/5
   188 | D:1      | Reached skill level 4 in Earth Magic
  1340 | D:2      | Reached XP level 3. HP: 13/19 MP: 4/7
  1785 | D:2      | Found a bloodstained altar of Trog.
  1952 | D:2      | Found a shattered altar of Ashenzari.
  2032 | D:2      | Reached XP level 4. HP: 18/24 MP: 8/8
  2279 | D:3      | Noticed Lasiace's ghost (amateur FoFi)
  2346 | D:2      | Reached skill level 5 in Earth Magic
  2634 | D:3      | Learned a level 3 spell: Stone Arrow
  2637 | D:3      | Learned a level 2 spell: Passwall
  2735 | D:3      | Found a glowing silver altar of Zin.
  3216 | D:3      | Reached skill level 1 in Conjurations
  3223 | D:3      | Reached XP level 5. HP: 28/28 MP: 3/10
  3418 | D:3      | Found an ornate altar of the Wu Jian Council.
  3586 | D:4      | Found a staircase to the Ecumenical Temple.
  3599 | Temple   | Entered the Ecumenical Temple
  3718 | Temple   | Became a worshipper of Vehumet
  3725 | Temple   | Learned a level 5 spell: Lee's Rapid Deconstruction
  3943 | D:4      | Noticed Robin
  3943 | D:4      | Noticed an ogre
  4259 | D:4      | Found Ysialuw's Antique Weapon Shoppe.
  4268 | D:4      | Noticed a phantom
  4287 | D:4      | Killed a phantom
  4287 | D:4      | Reached XP level 6. HP: 29/32 MP: 0/12
  4377 | D:4      | Killed Robin
  4400 | D:4      | Reached skill level 6 in Earth Magic
  4611 | D:4      | Noticed Dawnplanks's ghost (amateur GrEE)
  4614 | D:4      | HP: 1/32 [Dawnplanks's ghost/stone arrow (22)]
  5362 | D:4      | Reached * piety under Vehumet
  5362 | D:4      | Offered knowledge of Freeze by Vehumet.
  5396 | D:5      | Entered Level 5 of the Dungeon
  5436 | D:5      | Reached XP level 7. HP: 25/36 MP: 0/13
  5863 | D:5      | Found Kuphah's Book Boutique.
  6537 | D:5      | Reached skill level 5 in Spellcasting
  6537 | D:5      | Reached skill level 7 in Earth Magic
  6834 | D:5      | Found a snail-covered altar of Cheibriados.
  6878 | D:6      | Found a sand-covered staircase.
  6968 | Ossuary  | Entered an ossuary
  7022 | Ossuary  | Reached XP level 8. HP: 41/41 MP: 9/15
  7472 | D:6      | Found a bloodstained altar of Trog.
  7502 | D:6      | Reached skill level 5 in Conjurations
  7646 | D:6      | Found a runed door.
  7650 | D:6      | Found a transporter.
  7681 | D:6      | Reached ** piety under Vehumet
  7681 | D:6      | Offered knowledge of Throw Frost by Vehumet.
  7773 | D:6      | Found a transporter.
  8364 | D:6      | Reached skill level 8 in Earth Magic
  8800 | D:6      | Found a roughly hewn altar of Beogh.
  9647 | D:6      | Offered knowledge of Dazzling Spray by Vehumet.
  9750 | D:7      | Reached XP level 9. HP: 42/45 MP: 12/18
 10093 | D:7      | Reached skill level 9 in Earth Magic
 10322 | D:7      | Found Zoiwn's Distillery.
 10650 | D:7      | Found a deep blue altar of Sif Muna.
 10653 | D:7      | Found a basalt altar of Yredelemnul.
 10656 | D:7      | Found a snail-covered altar of Cheibriados.
 11131 | D:8      | Reached *** piety under Vehumet
 11337 | D:8      | Noticed pedant's ghost (novice OpIE)
 11370 | D:8      | Killed pedant's ghost
 11370 | D:8      | Reached skill level 10 in Earth Magic
 11605 | D:8      | Found a glowing silver altar of Zin.
 11775 | D:8      | Reached XP level 10. HP: 50/50 MP: 11/21
 12103 | D:9      | Offered knowledge of Airstrike by Vehumet.
 12265 | D:9      | Reached skill level 1 in Fighting
 12265 | D:9      | Reached skill level 1 in Armour
 12504 | D:9      | Noticed an orange crystal statue
 12524 | D:9      | Killed an orange crystal statue
 12524 | D:9      | Reached skill level 1 in Shields
 12669 | D:9      | Reached skill level 11 in Earth Magic
 12887 | D:9      | Reached **** piety under Vehumet
 13250 | D:9      | Found a staircase to the Lair.
 13318 | D:9      | Noticed Prince Ribbit
 13325 | D:9      | Killed Prince Ribbit
 13325 | D:9      | Reached XP level 11. HP: 60/60 MP: 20/23
 13566 | D:9      | Offered knowledge of Static Discharge by Vehumet.
 13748 | Lair:1   | Entered Level 1 of the Lair of Beasts
 14491 | Lair:1   | Noticed an oklob plant
 14491 | Lair:1   | Noticed an oklob plant
 14654 | Lair:1   | Killed an oklob plant
 14709 | Lair:1   | Killed an oklob plant
 15667 | Lair:2   | Found a dark tunnel.
 15673 | Volcano  | Entered a volcano
 15681 | Volcano  | Noticed a two-headed ogre
 15683 | Volcano  | Noticed a two-headed ogre
 15683 | Volcano  | Noticed a two-headed ogre
 15683 | Volcano  | Noticed a two-headed ogre
 15684 | Volcano  | Noticed a two-headed ogre
 15685 | Volcano  | Noticed a two-headed ogre
 15685 | Volcano  | Noticed a two-headed ogre
 15685 | Volcano  | a two-headed ogre changed into a torpor snail
 15686 | Volcano  | Noticed a glowing shapeshifter
 15686 | Volcano  | a two-headed ogre changed into a glowing shapeshifter
 15687 | Volcano  | Noticed a two-headed ogre
 15687 | Volcano  | Noticed a manticore
 15687 | Volcano  | a glowing shapeshifter changed into a manticore
 15687 | Volcano  | Noticed a glowing shapeshifter
 15687 | Volcano  | a manticore changed into a glowing shapeshifter
 15688 | Volcano  | Noticed a sea snake
 15688 | Volcano  | a glowing shapeshifter changed into a sea snake
 15689 | Volcano  | Slain by a two-headed ogre

Vault maps used:
D:1:      lightli_arrival_noodles
D:2:      ashenzari_conservatory_becter, trog_butcher_becter
D:3:      nicolae_overflow_hidden_temple
D:4:      minmay_temple_entry_trees, first_bread, serial_shops, shop,
          roderic_batcave, uniq_robin
D:5:      serial_shops, shop, basic_altar
D:6:      gammafunk_cloud_chamber, bloody_trog,
          nicolae_ossuary_entry_false_entrances, lightli_church_of_beogh
D:7:      grunt_temple_overflow_diamond, serial_shops, shop
D:8:      grunt_livestock, lemuel_centaur_altar
D:9:      minmay_lair_entry_grove, serial_bayou_pond_d, minmay_statue_bubble,
          uniq_prince_ribbit1
Temple:   regret_index_temple_generic_petals
Lair:1:   dpeg_oklob_gauntlet, dpeg_stationary_puzzle
Lair:2:   minmay_swamp_entry_reptiles, guppyfry_snake_entry_garden,
          nicolae_volcano_entry_s_turn, guppyfry_lair_drakes
Ossuary:  ossuary_crypta
Volcano:  volcano_caves

Skill      XL: |  1  2  3  4  5  6  7  8  9 10 11 |
---------------+----------------------------------+-----
Earth Magic    | 4 5 6 7 8 10 11 | 11.6
Spellcasting   | 3 4 5 6 7 8 9 |  9.0
Conjurations   | 1 2 3 4 6 8 9 |  9.8
Fighting       | 3 4 |  4.2
Armour         | 2 4 |  4.3
Dodging        | 2 3 |  3.7
Shields        | 2 4 |  4.0
Stealth        | |  2.1
Transmutations | |  0.7

Action                   |  1- 3 |  4- 6 |  7- 9 | 10-12 || total
-------------------------+-------+-------+-------+-------++-------
Melee: Dagger            |   140 |   116 |    52 |    16 ||   324
       Unarmed           |    10 |       |       |       ||    10
 Cast: Sandblast         |    13 |    69 |    52 |    45 ||   179
       Stone Arrow       |       |     3 |   102 |    87 ||   192
       Lee's Rapid Decon |       |     1 |    27 |    16 ||    44
       Passwall          |       |       |     1 |       ||     1
Evoke: Wand              |       |       |       |     3 ||     3
  Use: Scroll            |       |       |     8 |       ||     8
       Potion            |       |       |       |     1 ||     1
 Stab: Sleeping          |     5 |       |     1 |       ||     6
       Distracted        |       |       |     1 |       ||     1
  Eat: Chunk             |     7 |    15 |    32 |    14 ||    68
       Bread ration      |       |       |     1 |       ||     1
Armor: Robe              |    72 |    50 |    34 |    17 ||   173
       Skin              |       |       |       |     3 ||     3
Dodge: Dodged            |   110 |   124 |    44 |    27 ||   305
Block: Buckler           |       |       |       |     3 ||     3

Table legend:
 A = Spawn XP
 B = Non-spawn XP
 C = Spawn XP percentage of total XP
 D = Spawn monster count
 E = Non-spawn monster count
 F = Spawn count percentage of total count
 G = Total turns spent on level
                    A         B        C        D         E        F      G
               +---------+---------+-------+---------+---------+-------+---------
         Total |       0 |   14995 |   0.0 |       0 |     280 |   0.0 | 15689
               +---------+---------+-------+---------+---------+-------+---------
           D:1 |       0 |      30 |   0.0 |       0 |      17 |   0.0 |  1288
           D:2 |       0 |      77 |   0.0 |       0 |      19 |   0.0 |  1576
           D:3 |       0 |      74 |   0.0 |       0 |      25 |   0.0 |  1367
           D:4 |       0 |     369 |   0.0 |       0 |      30 |   0.0 |  1168
           D:5 |       0 |     519 |   0.0 |       0 |      16 |   0.0 |  1208
           D:6 |       0 |     783 |   0.0 |       0 |      33 |   0.0 |  2487
           D:7 |       0 |     799 |   0.0 |       0 |      28 |   0.0 |  1114
           D:8 |       0 |    3086 |   0.0 |       0 |      39 |   0.0 |  1463
           D:9 |       0 |    4076 |   0.0 |       0 |      38 |   0.0 |  1524
        Lair:1 |       0 |    4326 |   0.0 |       0 |      19 |   0.0 |  1767
        Lair:2 |       0 |     670 |   0.0 |       0 |       4 |   0.0 |   158
       Ossuary |       0 |     186 |   0.0 |       0 |      12 |   0.0 |   302
               +---------+---------+-------+---------+---------+-------+---------
